 Dungeon Crawl Stone Soup version 0.20-a0-1122-gb7cbeb9 (webtiles) character file.

322 Chaoticas the Chopper (level 6, -1/56 HPs)
             Began as a Minotaur Fighter on May 14, 2017.
             Succumbed to a gnoll sergeant's poison
             ... on level 3 of the Dungeon.
             The game lasted 00:03:20 (2068 turns).

Chaoticas the Chopper (Minotaur Fighter)            Turns: 2068, Time: 00:03:20

Health: -1/56      AC:  6    Str: 22    XL:     6   Next: 22%
Magic:  5/5        EV:  7    Int:  5    God:
Gold:   69         SH:  9    Dex: 10    Spells: 5/5 levels left

rFire    . . .     SeeInvis .   a - +0 war axe
rCold    . . .     Gourm    .   c - +0 shield
rNeg     . . .     Faith    .   b - +0 scale mail
rPois    .         Spirit   .   (helmet restricted)
rElec    .         Reflect  .   (no cloak)
rCorr    .         Harm     .   (no gloves)
MR       .....                  (no boots)
Stlth    ..........             (no amulet)
Regen    0.2/turn               (no ring)
MPRegen  0.1/turn               (no ring)

@: lethally poisoned (-1 -> -20)
A: retaliatory headbutt, horns 2
a: no special abilities


You were on level 3 of the Dungeon.
You were not hungry.

You visited 1 branch of the dungeon, and saw 3 of its levels.

You collected 69 gold pieces.

Inventory:

Hand Weapons
 a - a +0 war axe (weapon)
Armour
 b - a +0 scale mail (worn)
 c - a +0 shield (worn)
Scrolls
 d - a scroll of immolation {unknown}
 e - a scroll of recharging {unknown}
 g - a scroll of fog {unknown}
 h - a scroll of amnesia {unknown}
 i - a scroll of identify {unknown}
 k - a scroll of teleportation {unknown}
 m - 2 scrolls of enchant armour {unknown}
 p - a scroll of remove curse {unknown}
 q - a scroll of magic mapping {unknown}
Potions
 l - a potion of mutation {unknown}
 n - a potion of curing {unknown}
 o - 2 potions of lignification {unknown}
Comestibles
 f - 2 bread rations
 j - a royal jelly


   Skills:
 + Level 5.5 Fighting
 * Level 6.8 Axes
 - Level 3.6 Armour
 - Level 3.6 Shields


You had 5 spell levels left.
You didn't know any spells.

Dungeon Overview and Level Annotations

Branches:
Dungeon (3/15)

Altars:
The Shining One


Innate Abilities, Weirdness & Mutations

You reflexively headbutt those who attack you in melee.
You have a pair of horns on your head.


Message History

The gnoll is heavily wounded.
You block the gnoll's attack.
You closely miss the gnoll.
The gnoll is heavily wounded.
The gnoll barely misses you. The gnoll hits you with a whip.
You hit the gnoll. Your headbutt misses the gnoll.
The gnoll is severely wounded.
The gnoll barely misses you. You furiously retaliate!
You headbutt the gnoll!
You kill the gnoll!
You closely miss the gnoll. The gnoll hits you with a flail!
You barely miss the gnoll. You block the gnoll's attack.
You hit the gnoll but do no damage. The gnoll hits you with a flail.
You hit the gnoll.
The gnoll is moderately wounded.
The gnoll hits you with a flail!
You closely miss the gnoll. You headbutt the gnoll!
You kill the gnoll!
The gnoll shaman calls upon its god to speed up the gnoll.
The gnoll seems to speed up.
You block the gnoll's attack.
You hit the gnoll.
The gnoll is lightly wounded.
You block the gnoll sergeant's attack. You block the gnoll's attack.
You slash the gnoll! Your headbutt misses the gnoll.
The gnoll is severely wounded.
The gnoll sergeant hits you from afar with a spear of venom.
You are poisoned.
The gnoll hits you with a whip.
* * * LOW HITPOINT WARNING * * *
The gnoll sergeant hits you from afar with a spear of venom!
* * * LOW HITPOINT WARNING * * *
Your shield and scale mail prevent you from hitting the gnoll.
The gnoll is severely wounded.
You feel sick. The gnoll hits you but does no damage.
The gnoll sergeant hits you from afar with a spear of venom.
* * * LOW HITPOINT WARNING * * *
You are lethally poisoned!
You slash the gnoll!
You kill the gnoll!
* * * LOW HITPOINT WARNING * * *
You feel sick.
The gnoll sergeant hits you from afar with a spear of venom.
* * * LOW HITPOINT WARNING * * *
You are more poisoned.
* * * LOW HITPOINT WARNING * * *
You feel very sick.
* * * LOW HITPOINT WARNING * * *
You feel sick.
* * * LOW HITPOINT WARNING * * *
You feel sick.
You die...

.. #.#.....#..... .
#.#.....#.....
#.............
####....######
#.#.## # #...# #
##..# #
##########..# #
#.@.........#######
#.#########>...).).
#.# ######### #g# #
#.# #g# #g# #g# #)#


You could see a gnoll sergeant, 2 gnoll shamans and a gnoll.

Vanquished Creatures
  The ghost of Chaoticas the Chopper, an amateur MiFi (D:3)
  An orc priest (D:3)
  8 gnolls (D:3)
  4 adders
  5 oozes
  A worm (D:2)
  A dart slug (D:1)
  2 leopard geckos
  8 orcs
  3 goblins
  7 hobgoblins
  4 jackals (D:3)
  5 bats
  2 frilled lizards
  6 kobolds
  8 rats
66 creatures vanquished.

Notes
Turn   | Place    | Note
-------+----------+-------------------------------------------
     0 | D:1      | Chaoticas the Minotaur Fighter began the quest for the Orb.
     0 | D:1      | Reached XP level 1. HP: 19/19 MP: 0/0
   180 | D:1      | Reached skill level 4 in Fighting
   180 | D:1      | Reached XP level 2. HP: 21/27 MP: 1/1
   201 | D:1      | Reached skill level 3 in Axes
   296 | D:1      | You fall through a shaft!
   296 | D:2      | Found a glowing golden altar of the Shining One.
   309 | D:2      | HP: 13/27 [adder (1)]
   310 | D:2      | Reached XP level 3. HP: 16/33 MP: 2/2
   729 | D:2      | Reached skill level 4 in Axes
   918 | D:2      | HP: 17/34 [poisoned by an adder]
   924 | D:2      | HP: 13/34 [poisoned by an adder]
   931 | D:2      | HP: 11/34 [poisoned by an adder]
   938 | D:2      | HP: 10/34 [poisoned by an adder]
   946 | D:2      | HP: 9/34 [poisoned by an adder]
  1197 | D:2      | Reached XP level 4. HP: 41/41 MP: 3/3
  1226 | D:3      | Reached skill level 5 in Axes
  1384 | D:3      | Reached XP level 5. HP: 42/47 MP: 4/4
  1385 | D:3      | Noticed Chaoticas's ghost (amateur MiFi)
  1397 | D:3      | Killed Chaoticas's ghost
  1397 | D:3      | Reached skill level 5 in Fighting
  1397 | D:3      | Reached skill level 6 in Axes
  1719 | D:3      | Reached XP level 6. HP: 56/56 MP: 5/5
  1758 | D:3      | HP: 26/56 [gnoll/spear (5)]
  1765 | D:3      | HP: 9/56 [gnoll/spear (8)]
  2062 | D:3      | HP: 27/56 [gnoll/whip (3)]
  2063 | D:3      | HP: 12/56 [gnoll sergeant/spear of venom (5)]
  2065 | D:3      | HP: 5/56 [poisoned by a gnoll sergeant]
  2067 | D:3      | HP: 1/56 [poisoned by a gnoll sergeant]
  2068 | D:3      | Succumbed to a gnoll sergeant's poison

Vault maps used:
D:1:      dpeg_arrival_leaves_temple_mockup, kennysheep_minor_cross
D:2:      overflow_temple_1_default, first_bread
D:3:      lemuel_castle_with_subvaults

Skill      XL: |  1  2  3  4  5 |
---------------+----------------+-----
Fighting       | 4 5 |  5.5
Axes           | 3 4 5 6 |  6.8
Armour         | |  3.6
Shields        | |  3.6

Action                   |  1- 3 |  4- 6 || total
-------------------------+-------+-------++-------
Melee: War axe           |    65 |    79 ||   144
       Headbutt          |     8 |    13 ||    21
  Use: Potion            |       |     1 ||     1
  Eat: Chunk             |     1 |     3 ||     4
Armor: Scale mail        |    29 |    30 ||    59
Dodge: Dodged            |    18 |    25 ||    43
Block: Shield            |    36 |    35 ||    71
